 Dungeon Crawl Stone Soup version 0.23.0-33-g5e6c059 (webtiles) character file.

Game seed: 5618791674027864198

490 Fang the Skirmisher (level 7, 0/44 HPs)
             Began as a Gargoyle Berserker on Feb 26, 2019.
             Was a Believer of Trog.
             Slain by a gnoll
             ... wielding a +0 spear
              (4 damage)
             ... on level 4 of the Dungeon.
             The game lasted 00:03:37 (4472 turns).

Fang the Skirmisher (Gargoyle Berserker)            Turns: 4472, Time: 00:03:38

Health: 0/44       AC: 12    Str: 29    XL:     7   Next: 14%
Magic:  7/7        EV: 11    Int:  7    God:    Trog [**....]
Gold:   224        SH:  0    Dex:  9    Spells: 6/6 levels left

rFire    . . .     SeeInvis .   a - +0 hand axe
rCold    . . .     Gourm    +   (no shield)
rNeg     + . .     Faith    .   B - +0 scale mail
rPois    ∞         Spirit   .   (no helmet)
rElec    +         Reflect  .   (no cloak)
rCorr    .         Harm     .   (no gloves)
MR       .....                  (no boots)
Stlth    ..........             q - amulet of the gourmand
HPRegen  0.14/turn              f - ring of attention (curse)
MPRegen  0.10/turn              t - +6 ring of strength

@: berserk cooldown, slowed, very slow
A: negative energy resistance 1, electricity resistance, unbreathing,
petrification resistance, rot immunity, AC +4
a: Berserk, Trog's Hand, Renounce Religion


You were on level 4 of the Dungeon.
You worshipped Trog.
Trog was pleased with you.
You were full.

You visited 1 branch of the dungeon, and saw 4 of its levels.

You collected 224 gold pieces.

Inventory:

Hand Weapons
 a - a +0 hand axe (weapon)
Armour
 B - a +0 scale mail (worn)
Jewellery
 f - a cursed ring of attention (left hand)
 q - an amulet of the gourmand (around neck)
 t - a +6 ring of strength (right hand)
 w - a +4 ring of evasion
 y - a +3 ring of protection {unknown}
 z - an uncursed amulet of rage {unknown}
Scrolls
 d - a scroll of magic mapping {unknown}
 j - 2 scrolls of immolation {unknown}
 l - 3 scrolls of noise {unknown}
 m - 2 scrolls of random uselessness {unknown}
 r - a scroll of enchant weapon {unknown}
 s - 3 scrolls of identify {unknown}
 u - a scroll of teleportation {unknown}
 v - a scroll of fear {unknown}
 C - a scroll of blinking {unknown}
Potions
 b - a potion of mutation {unknown}
 e - a potion of brilliance {unknown}
 g - 2 potions of ambrosia {unknown}
 h - 2 potions of curing
 i - a potion of flight {unknown}
 k - 2 potions of cancellation {unknown}
 n - a potion of resistance {unknown}
 o - a potion of haste {unknown}
 p - a potion of degeneration {unknown}
 x - a potion of heal wounds {unknown}
 A - a potion of might {unknown}
Comestibles
 c - 14 rations


   Skills:
 + Level 5.1 Fighting
 + Level 4.3 Axes
 + Level 4.4 Armour
 + Level 3.3 Dodging


You had 6 spell levels left.
You didn't know any spells.
Your spell library was empty.

Dungeon Overview and Level Annotations

Branches:
Dungeon (4/15)
 Temple: D:4-7

Altars:
Elyvilon
Zin


Innate Abilities, Weirdness & Mutations

You are resistant to torment.
Your stone body is resilient. (AC +4)
You are immune to poison.
You resist negative energy. (rN+)
You are resistant to electric shocks. (rElec)
You can survive without breathing.
You are immune to petrification.
You are immune to rotting.


Message History

The gnoll hits you but does no damage. The gnoll closely misses you.
The gnoll hits you but does no damage. x2
You hit the gnoll.
You kill the gnoll!
Trog accepts your kill. The gnoll hits you but does no damage.
The gnoll closely misses you. The gnoll hits you but does no damage.
Things that are here:
a +2 whip of venom; a +0 spear; a gnoll corpse You barely miss the gnoll.
The gnoll hits you but does no damage.
You barely miss the gnoll. The gnoll completely misses you.
The gnoll hits you but does no damage.
You hit the gnoll.
The gnoll is moderately wounded.
The gnoll completely misses you. The gnoll hits you with a +0 spear.
* * * LOW HITPOINT WARNING * * *
You completely miss the gnoll.
The gnoll is moderately wounded.
The gnoll hits you with a +0 spear.
You die...

#..............#
#..............#
#..............#
######'####....#
#.>.......#
#.........#
#.........#
.##########.........#
.....hg@))..####'####
################'##
#....# #....# #....#
#....# #....# #..)(#
#....#


You could see a hound and a gnoll.

Vanquished Creatures
  An orc priest (D:4)
  3 orc wizards (D:4)
  A gnoll shaman (D:4)
  Natasha (thrice) (D:2)
  2 worker ants (D:4)
  Robin (D:4)
  8 gnolls
  5 adders
  An ooze (D:4)
  2 worms (D:3)
  A dart slug (D:2)
  A leopard gecko (D:2)
  6 orcs (D:4)
  4 giant cockroaches
  7 hobgoblins
  7 jackals
  A quokka (D:4)
  A ball python (D:4)
  7 bats
  4 frilled lizards
  12 goblins
  A jackal skeleton (D:4)
  4 kobolds
  A leopard gecko skeleton (D:4)
  7 rats
91 creatures vanquished.

Notes
Turn   | Place    | Note
-------+----------+-------------------------------------------
     0 | D:1      | Fang the Gargoyle Berserker began the quest for the Orb.
     0 | D:1      | Reached XP level 1. HP: 14/14 MP: 1/1
   299 | D:1      | Reached XP level 2. HP: 19/19 MP: 2/2
   718 | D:2      | Reached ** piety under Trog
   759 | D:2      | Noticed Natasha
   765 | D:2      | Killed Natasha
   765 | D:2      | Reached XP level 3. HP: 16/24 MP: 3/3
  1034 | D:2      | Reached XP level 4. HP: 20/29 MP: 4/4
  1038 | D:2      | Noticed Natasha
  1052 | D:2      | Killed Natasha
  1052 | D:2      | Reached skill level 4 in Fighting
  1071 | D:1      | HP: 1/29 [rat (1)]
  1486 | D:2      | Noticed Natasha
  1493 | D:2      | Killed Natasha
  1569 | D:2      | Reached XP level 5. HP: 16/33 MP: 5/5
  1939 | D:3      | Found a white marble altar of Elyvilon.
  2833 | D:4      | Noticed a phantom
  3436 | D:4      | Noticed Robin
  3446 | D:4      | Reached XP level 6. HP: 21/39 MP: 6/6
  3449 | D:4      | Killed Robin
  3518 | D:4      | Found a glowing silver altar of Zin.
  4445 | D:4      | Reached skill level 5 in Fighting
  4445 | D:4      | Reached XP level 7. HP: 39/44 MP: 7/7
  4472 | D:4      | Slain by a gnoll

Skill      XL: |  1  2  3  4  5  6 |
---------------+-------------------+-----
Axes           | 3 4 |  4.3
Dodging        | 2 3 |  3.3
Armour         | 3 4 |  4.4
Fighting       | 4 5 |  5.1

Action                   |  1- 3 |  4- 6 |  7- 9 || total
-------------------------+-------+-------+-------++-------
Melee: Hand axe          |    78 |   257 |    24 ||   359
Invok: Berserk           |     1 |     7 |       ||     8
  Eat: Chunk             |     1 |    29 |       ||    30
Armor: Animal skin       |    26 |    77 |       ||   103
       Scale mail        |       |    54 |    20 ||    74
Dodge: Dodged            |    54 |   190 |    19 ||   263
